 Dungeon Crawl Stone Soup version 0.29-a0-870-g2c972031a6 (webtiles) character file.

Game seed: 13530148326229580665

257 clackabat the Poker (level 5, -3/48 HPs)
             Began as a Minotaur Fighter on July 18, 2022.
             Killed from afar by Dowan (15 damage)
             ... with a shard of ice
             ... on level 5 of the Dungeon.
             The game lasted 00:04:35 (2644 turns).

clackabat the Poker (Minotaur Fighter)              Turns: 2644, Time: 00:04:36

Health: -3/48      AC:  6    Str: 21    XL:     5   Next: 93%
Magic:  0/4        EV:  9    Int:  7    God:
Gold:   136        SH:  4    Dex:  9    Spells: 4/4 levels left

rFire   + . .      SeeInvis .   a - +0 trident
rCold   + . .      Faith    .   c - +0 buckler
rNeg    . . .      Spirit   +   b - +0 scale mail
rPois   +          Reflect  .   (helmet restricted)
rElec   +          Harm     .   (no cloak)
rCorr   +          Rampage  .   (no gloves)
Will    .....                   (no boots)
Stlth   ..........              t - amulet of guardian spirit
HPRegen 0.16/turn               p - ring of flight
MPRegen 0.09/turn               (no ring)

@: resistant, flying
A: horns 2, retaliatory headbutt
a: no special abilities


You were on level 5 of the Dungeon.
You visited 1 branch of the dungeon, and saw 4 of its levels.

You collected 136 gold pieces.

Inventory:

Hand Weapons
 a - a +0 trident (weapon)
Missiles
 m - a throwing net (quivered)
Armour
 b - a +0 scale mail (worn)
 c - a +0 buckler (worn)
Jewellery
 p - a ring of flight (left hand)
 s - the ring of Jaqoih Puhu {*Slow rC++ AC+4 Dex+4}
   (You found it on level 3 of the Dungeon)

   [ring of protection]

   AC:        It affects your AC (+4).
   Dex:       It affects your dexterity (+4).
   rC:        It greatly protects you from cold.
   *Slow:     It may slow you when you take damage.
 t - an amulet of guardian spirit (around neck)
Wands
 u - a wand of mindburst (12)
Scrolls
 e - 2 scrolls of identify {unknown}
 f - a scroll of enchant armour {unknown}
 g - a scroll of silence {unknown}
 k - a scroll of blinking {unknown}
 o - a scroll of amnesia {unknown}
 q - 2 scrolls of immolation {unknown}
 r - a scroll of magic mapping {unknown}
Potions
 d - a potion of mutation {unknown}
 h - a potion of flight {unknown}
 i - a potion of haste {unknown}
 j - a potion of attraction {unknown}
 l - a potion of curing
 n - a potion of resistance


   Skills:
 + Level 5.4 Fighting
 * Level 6.3 Polearms
 - Level 3.6 Armour
 - Level 3.6 Shields


You had 4 spell levels left.
You didn't know any spells.
Your spell library contained the following spells:

 Spells                   Type           Power      Damage    Failure   Level
 Magic Dart               Conj           0%         1d3       86%         1
 Call Imp                 Summ           0%         N/A       94%         2
 Confusing Touch          Hex            0%         N/A       99%         3
 Mephitic Cloud           Conj/Pois/Air  0%         N/A       99%         3
 Yara's Violent Unravell  Hex/Tmut       0%         3d3       100%        5
 Enfeeble                 Hex            0%         N/A       100%        7


Dungeon Overview and Level Annotations

Branches:
Dungeon (5/15)
 Temple: D:4-7

Altars:

Annotations:
D:5 3 runed translucent doors, Dowan; Nato's ghost, amateur OpTm


Innate Abilities, Weirdness & Mutations

You have a pair of horns on your head.
You reflexively headbutt those who attack you in melee.


Message History

You block Duvessa's attack. Duvessa hits you with a +0 rapier!
You completely miss Duvessa. You headbutt Duvessa, but do no damage.
Duvessa is moderately wounded.
Duvessa completely misses you.
You hit Duvessa. Your headbutt misses Duvessa.
Duvessa is moderately wounded.
Duvessa barely misses you. You furiously retaliate!
You headbutt Duvessa.
Dowan gestures wildly while chanting.
Dowan blinks!
You block Duvessa's attack.
You hit Duvessa. Your headbutt misses Duvessa.
Duvessa is heavily wounded.
Duvessa hits you with a +0 rapier!
You barely miss Duvessa. You headbutt Duvessa.
Duvessa is heavily wounded.
Duvessa gestures with her weapon.
You block Duvessa's attack. Duvessa hits you with a +0 rapier!
You hit Duvessa but do no damage. You headbutt Duvessa.
Duvessa is severely wounded.
Duvessa closely misses you.
You closely miss Duvessa.
Duvessa is severely wounded.
Duvessa hits you with a +0 rapier.
* * * LOW HITPOINT WARNING * * *
Duvessa hits you but does no damage.
You closely miss Duvessa.
Duvessa is severely wounded.
Duvessa closely misses you. You furiously retaliate!
You headbutt Duvessa! You hit Duvessa.
Duvessa is almost dead.
Duvessa hits you with a +0 rapier.
* * * LOW HITPOINT WARNING * * *
Dowan says, "Magic and the sword, together, will defeat you."
You block Duvessa's attack.
You puncture Duvessa!
You kill Duvessa!
Dowan screams, "No!
Oh no!"
Dowan seems to find hidden reserves of power!
Dowan points at you and mumbles some strange words.
The shard of ice hits you! You partially resist.
You die...

##### ....# ###.# #.# #.#
######### #.# #.......# #.#
#.#####.# #.####.# #.######
#...##.# #..@e..#
#####.##.# ######.#
......##.#####.............
.#...........#.#..#..e..###
.##.####.....# #..#.....#
.##.# #.....# #. #.......
.##.# #.....# .. ....>....
.##.####.....##. .........
.##...........#. #........


You could see Dowan (fast).

Vanquished Creatures
  Sigmund (D:5)
  Duvessa (D:5)
  An iguana (D:5)
  3 adders (D:2)
  A worm (D:2)
  A dart slug (D:2)
  4 ball pythons
  9 endoplasms
  A giant cockroach (D:1)
  A goblin (D:2)
  5 hobgoblins
  A quokka (D:2)
  3 bats
  4 frilled lizards
  8 kobolds (D:1)
  5 rats
49 creatures vanquished.

Vanquished Creatures (others)
  3 plants (D:1)
3 creatures vanquished.

Grand Total: 52 creatures vanquished

Notes
Turn   | Place    | Note
-------+----------+-------------------------------------------
     0 | D:1      | clackabat the Minotaur Fighter began the quest for the Orb.
     0 | D:1      | Reached XP level 1. HP: 19/19 MP: 0/0
   312 | D:1      | Reached skill level 3 in Polearms
   410 | D:1      | Reached XP level 2. HP: 27/27 MP: 1/1
   744 | D:1      | Found a faded altar of an unknown god.
  1045 | D:2      | Reached XP level 3. HP: 33/33 MP: 2/2
  1096 | D:2      | Reached skill level 4 in Polearms
  1517 | D:2      | Reached XP level 4. HP: 32/41 MP: 3/3
  1865 | D:3      | Identified the ring of Jaqoih Puhu {*Slow rC++ AC+4 Dex+4}
  1988 | D:3      | You are sucked into a shaft and drop 2 floors!
  1988 | D:5      | Entered Level 5 of the Dungeon
  1999 | D:5      | Reached skill level 5 in Polearms
  2241 | D:5      | Found a runed translucent gate.
  2241 | D:5      | Found a runed translucent gate.
  2242 | D:5      | Found a runed translucent gate.
  2319 | D:5      | Noticed Sigmund
  2326 | D:5      | Killed Sigmund
  2327 | D:5      | Reached skill level 5 in Fighting
  2327 | D:5      | Reached skill level 6 in Polearms
  2327 | D:5      | Reached XP level 5. HP: 48/48 MP: 4/4
  2420 | D:5      | Noticed an ice beast
  2420 | D:5      | Noticed Nato's ghost (amateur OpTm)
  2626 | D:5      | Noticed Dowan
  2627 | D:5      | Noticed Duvessa
  2644 | D:5      | Killed Duvessa
  2644 | D:5      | Killed from afar by Dowan

Illustrated notes

Levels and vault maps discovered:
D:1:      matt_arrival_refuge, layout_loops_ring,
          dreamdust_ecumenical_altar_statues, minmay_parallelograms,
          nicolae_kite_square_tiling_tiny, lexackson_kobold_supper
D:2:      layout_loops_ring, hangedman_decor_points
D:3:      layout_basic, st_stairs_14
D:5:      layout_basic, tso_metal_star, gammafunk_ghost_icy, uniq_menkaure,
          uniq_duvessa, uniq_ijyb, uniq_sigmund

Skill      XL: |  1  2  3  4 |
---------------+-------------+-----
Polearms       | 3 4 6 |  6.3
Fighting       | 4 5 |  5.4
Armour         | |  3.6
Shields        | |  3.6

Action                   |  1- 3 |  4- 6 || total
-------------------------+-------+-------++-------
Melee: Trident           |    97 |    33 ||   130
       Headbutt          |    17 |     4 ||    21
  Use: Potion            |       |     3 ||     3
Armor: Scale mail        |    23 |     5 ||    28
Dodge: Dodged            |    18 |    11 ||    29
Block: Buckler           |     9 |     5 ||    14

Table legend: (Time is in decaauts)
 A = Elapsed time spent in this place.
 B = Non-inter-level travel time spent in this place.
 C = Inter-level travel time spent in this place.
 D = Time resting spent in this place.
 E = Time spent auto-exploring this place.
 F = Levels seen in this place.
 G = Mean time per level.
                   A        B        C        D        E       F      G
               +--------+--------+--------+--------+--------+-----+--------+
         Total |   2660 |   2509 |    151 |    210 |   1989 |   4 |  665.0 |
       Dungeon |   2660 |   2509 |    151 |    210 |   1989 |   4 |  665.0 |
               +--------+--------+--------+--------+--------+-----+--------+

Top non-repeatable levels by time:
     D:1: 1034 daAuts
     D:2: 791 daAuts
     D:5: 657 daAuts
     D:3: 177 daAuts
